MLB
DETROIT TIGERS @ MINNESOTA TWINS
04/24/2040
 
TOP OF THE 1ST
Detroit Tigers batting - Pitching for Minnesota Twins : RHP Chad Madary
Pitching: RHP Chad Madary
Batting: RHB Hector Velazquez 0-0: Ball
1-0: Ball
2-0: Ball
3-0: Foul Ball, location: 23F
3-1: Fly out, F7 (Line Drive, 7, EV 90.6 MPH)
Batting: LHB Ruben Caceres 0-0: Called Strike
0-1: Foul Ball, location: 2F
0-2: Ball
1-2: Ball
2-2: Ball
3-2: Foul Ball, location: 7LMF
3-2: Strikes out swinging
Batting: LHB Jose Simon Frye 0-0: Called Strike
0-1: Foul Ball, location: 2F
0-2: Ball
1-2: Hit by Pitch
Batting: LHB Josh Stubbs 0-0: Called Strike
0-1: Swinging Strike
0-2: Strikes out swinging
Top of the 1st over - 0 runs, 0 hits, 0 errors, 1 left on base; Detroit 0 - Minnesota 0
BOTTOM OF THE 1ST
Minnesota Twins batting - Pitching for Detroit Tigers : RHP Curt Maddalena
Pitching: RHP Curt Maddalena
Batting: LHB Vince Best 0-0: Ball
1-0: Ball
2-0: Ball
3-0: Called Strike
3-1: Fly out, F8 (Flyball, 8LD, EV 92.5 MPH)
Batting: RHB Jeff Bean 0-0: Ball
1-0: Foul Ball, location: 2F
1-1: Ball
2-1: Ground out 4-3 (Groundball, 4, EV 107.5 MPH)
Batting: RHB Steve Masters 0-0: Called Strike
0-1: Foul Ball, location: 5F
0-2: Ball
1-2: Foul Ball, location: 5SF
1-2: Ball
2-2: Ball
3-2: Fly out, F4 (Popup, 4, EV 72.5 MPH)
Bottom of the 1st over - 0 runs, 0 hits, 0 errors, 0 left on base; Detroit 0 - Minnesota 0
TOP OF THE 2ND
Detroit Tigers batting - Pitching for Minnesota Twins : RHP Chad Madary
Batting: RHB Jorge Mendoza 0-0: Foul Ball, location: 25F
0-1: Ball
1-1: Called Strike
1-2: Foul Ball, location: 2F
1-2: Strikes out swinging
Batting: RHB Willis Ricordi 0-0: Bunt missed!
0-1: Ball
1-1: Foul Ball, location: 9LSF
1-2: Foul Ball, location: 9LDF
1-2: Ball
2-2: Ball
3-2: Base on Balls
Batting: RHB Ed Arroyo 0-0: Ball
1-0: Ball
2-0: Ball
3-0: Called Strike
3-1: Called Strike
Willis Ricordi steals 2nd base
3-2: Ground out 6-3 (Groundball, 6, EV 81.9 MPH)
Willis Ricordi to third
Batting: SHB Jan Acker 0-0: Called Strike
0-1: Called Strike
0-2: DOUBLE (Flyball, 8RXD, EV 93.1 MPH)
Willis Ricordi scores
Batting: LHB Nate Dickhaut 0-0: Ground out U3 (Groundball, 34, EV 104.4 MPH)
Top of the 2nd over - 1 run, 1 hit, 0 errors, 1 left on base; Detroit 1 - Minnesota 0
BOTTOM OF THE 2ND
Minnesota Twins batting - Pitching for Detroit Tigers : RHP Curt Maddalena
Batting: RHB Ruben Tristo 0-0: Called Strike
0-1: Foul Ball, location: 5F
0-2: Ball
1-2: Strikes out swinging
Batting: LHB Tony Tavarez 0-0: Ground out U3 (Groundball, 3, EV 86.9 MPH)
Batting: RHB Sergio Perez 0-0: Ball
1-0: Foul Ball, location: 9LSF
1-1: Swinging Strike
1-2: Ball
2-2: Foul Ball, location: 25FF
2-2: Ball
3-2: Base on Balls
Batting: RHB Dan Williams 0-0: Called Strike
0-1: Fly out, F3 (Popup, 23, EV 84.4 MPH)
Bottom of the 2nd over - 0 runs, 0 hits, 0 errors, 1 left on base; Detroit 1 - Minnesota 0
TOP OF THE 3RD
Detroit Tigers batting - Pitching for Minnesota Twins : RHP Chad Madary
Batting: RHB Hector Velazquez 0-0: Ball
1-0: Swinging Strike
1-1: Fly out, F9 (Flyball, 9S, EV 86.9 MPH)
Batting: LHB Ruben Caceres 0-0: Fly out, F8 (Flyball, 8LD, EV 91.9 MPH)
Batting: LHB Jose Simon Frye 0-0: Foul Ball, location: 5SF
0-1: Called Strike
0-2: Foul Ball, location: 3FF
0-2: Ball
1-2: Ball
2-2: Strikes out looking
Top of the 3rd over - 0 runs, 0 hits, 0 errors, 0 left on base; Detroit 1 - Minnesota 0
BOTTOM OF THE 3RD
Minnesota Twins batting - Pitching for Detroit Tigers : RHP Curt Maddalena
Batting: RHB Mario Aviles 0-0: Foul Ball, location: 5DF
0-1: Swinging Strike
0-2: Foul Ball, location: 5DF
0-2: Ball
1-2: Ground out 4-3 (Groundball, 4S, EV 89.4 MPH)
Batting: RHB Anthony Pitts 0-0: Ball
1-0: Called Strike
1-1: Ground out 5-3 (Groundball, 15, EV 83.1 MPH)
Batting: LHB Vince Best 0-0: Ground out 6-3 (Groundball, 6, EV 85.6 MPH)
Bottom of the 3rd over - 0 runs, 0 hits, 0 errors, 0 left on base; Detroit 1 - Minnesota 0
TOP OF THE 4TH
Detroit Tigers batting - Pitching for Minnesota Twins : RHP Chad Madary
Batting: LHB Josh Stubbs 0-0: Called Strike
0-1: Ball
1-1: Ball
2-1: Foul Ball, location: 2F
2-2: Ball
3-2: DOUBLE (Flyball, 8RXD, EV 101.3 MPH)
Batting: RHB Jorge Mendoza 0-0: Intentional Walk
Batting: RHB Willis Ricordi 0-0: Ball
1-0: Called Strike
1-1: Bunted foul
1-2: Fielders Choice at 2nd, 6-4 (Groundball, 6, EV 96.3 MPH)
Josh Stubbs to third
Batting: RHB Ed Arroyo 0-0: Ball
1-0: Ball
2-0: Foul Ball, location: 2F
2-1: Called Strike
2-2: Foul Ball, location: 2F
2-2: Fly out, F7 (Flyball, 7S, EV 86.3 MPH)
Batting: SHB Jan Acker 0-0: Ball
1-0: Ball
2-0: Fly out, F9 (Line Drive, 89M, EV 103.1 MPH)
Top of the 4th over - 0 runs, 1 hit, 0 errors, 2 left on base; Detroit 1 - Minnesota 0
BOTTOM OF THE 4TH
Minnesota Twins batting - Pitching for Detroit Tigers : RHP Curt Maddalena
Batting: RHB Jeff Bean 0-0: Ball
1-0: Ball
2-0: Foul Ball, location: 7LMF
2-1: Foul Ball, location: 9LDF
2-2: Strikes out swinging
Batting: RHB Steve Masters 0-0: Ball
1-0: Swinging Strike
1-1: Foul Ball, location: 2F
1-2: Fly out, F8 (Flyball, 8LD, EV 91.9 MPH)
Batting: RHB Ruben Tristo 0-0: Called Strike
0-1: Ball
1-1: Foul Ball, location: 5F
1-2: Ball
2-2: Strikes out looking
Bottom of the 4th over - 0 runs, 0 hits, 0 errors, 0 left on base; Detroit 1 - Minnesota 0
TOP OF THE 5TH
Detroit Tigers batting - Pitching for Minnesota Twins : RHP Chad Madary
Batting: LHB Nate Dickhaut 0-0: Ball
1-0: Called Strike
1-1: Ball
2-1: Fly out, F8 (Flyball, 8RD, EV 106.9 MPH)
Batting: RHB Hector Velazquez 0-0: SINGLE (Groundball, 56D, EV 101.3 MPH)
Batting: LHB Ruben Caceres 0-0: Foul Ball, location: 3F
0-1: Ball
1-1: Foul Ball, location: 23F
1-2: SINGLE (Line Drive, 4D, EV 102.5 MPH)
Hector Velazquez to second
Batting: LHB Jose Simon Frye 0-0: Called Strike
0-1: Foul Ball, location: 2F
0-2: Strikes out swinging
Batting: LHB Josh Stubbs 0-0: Ground out 4-3 (Groundball, 34D, EV 105.0 MPH)
Top of the 5th over - 0 runs, 2 hits, 0 errors, 2 left on base; Detroit 1 - Minnesota 0
BOTTOM OF THE 5TH
Minnesota Twins batting - Pitching for Detroit Tigers : RHP Curt Maddalena
Batting: LHB Tony Tavarez 0-0: Ball
1-0: Called Strike
1-1: Called Strike
1-2: Ball
2-2: Ball
3-2: Foul Ball, location: 3FF
3-2: Base on Balls
Batting: RHB Sergio Perez 0-0: Ball
1-0: Ball
2-0: Ball
3-0: Called Strike
3-1: Called Strike
3-2: Fly out, F9 (Flyball, 9, EV 100.0 MPH)
Batting: RHB Dan Williams 0-0: Ball
1-0: Ball
2-0: Swinging Strike
2-1: Called Strike
2-2: Ball
3-2: Strikes out looking
Tony Tavarez is caught stealing 2nd base 2-4
Batter strikes out.
Bottom of the 5th over - 0 runs, 0 hits, 0 errors, 0 left on base; Detroit 1 - Minnesota 0
TOP OF THE 6TH
Detroit Tigers batting - Pitching for Minnesota Twins : RHP Chad Madary
Batting: RHB Jorge Mendoza 0-0: Foul Ball, location: 9LSF
0-1: Ball
1-1: SINGLE (Line Drive, 8RS, EV 106.3 MPH)
Batting: RHB Willis Ricordi 0-0: Ball
1-0: Sac Bunt to 23 - play at second, runner OUT! 3-6
Batting: RHB Ed Arroyo 0-0: Swinging Strike
0-1: Fly out, F8 (Flyball, 8LS, EV 94.4 MPH)
Batting: SHB Jan Acker 0-0: Ground out U3 (Groundball, 3, EV 86.9 MPH)
Top of the 6th over - 0 runs, 1 hit, 0 errors, 1 left on base; Detroit 1 - Minnesota 0
BOTTOM OF THE 6TH
Minnesota Twins batting - Pitching for Detroit Tigers : RHP Curt Maddalena
Batting: RHB Mario Aviles 0-0: SINGLE (Line Drive, 8RS, EV 103.8 MPH)
Batting: RHB Anthony Pitts 0-0: Ball
1-0: Sac Bunt to 25 - play at first, batter OUT! 5-3
Mario Aviles to second
Batting: LHB Vince Best 0-0: Ball
1-0: Called Strike
1-1: Fly out, F9 (Flyball, 9S, EV 88.1 MPH)
Batting: RHB Jeff Bean 0-0: Foul Ball, location: 23F
0-1: Called Strike
0-2: Ball
1-2: Fly out, F9 (Flyball, 9D, EV 99.4 MPH)
Bottom of the 6th over - 0 runs, 1 hit, 0 errors, 1 left on base; Detroit 1 - Minnesota 0
TOP OF THE 7TH
Detroit Tigers batting - Pitching for Minnesota Twins : RHP Chad Madary
Batting: LHB Nate Dickhaut 0-0: Ball
1-0: Foul Ball, location: 5SF
1-1: Foul Ball, location: 7LDF
1-2: Foul Ball, location: 7LSF
1-2: Strikes out swinging
Batting: RHB Hector Velazquez 0-0: Ball
1-0: Called Strike
1-1: Foul Ball, location: 2F
1-2: SINGLE (Line Drive, 56D, EV 98.8 MPH)
Batting: LHB Ruben Caceres 0-0: Ball
1-0: Foul Ball, location: 7LSF
1-1: Ball
2-1: Foul Ball, location: 2F
2-2: Foul Ball, location: 2F
2-2: Foul Ball, location: 3F
2-2: SINGLE (Line Drive, 78M, EV 100.0 MPH)
Hector Velazquez to second
Pitching: RHP Mike Vaughn
Batting: LHB Jose Simon Frye 0-0: Ball
1-0: Ball
2-0: Called Strike
2-1: Swinging Strike
2-2: Strikes out swinging
Batting: LHB Josh Stubbs 0-0: Ball
1-0: Foul Ball, location: 3F
1-1: Swinging Strike
1-2: Ground out 3-1 (Groundball, 34, EV 101.9 MPH)
Top of the 7th over - 0 runs, 2 hits, 0 errors, 2 left on base; Detroit 1 - Minnesota 0
BOTTOM OF THE 7TH
Minnesota Twins batting - Pitching for Detroit Tigers : RHP Curt Maddalena
Batting: RHB Steve Masters 0-0: Ball
1-0: Ball
2-0: Fly out, F4 (Popup, 34S, EV 84.4 MPH)
Batting: RHB Ruben Tristo 0-0: Ball
1-0: Foul Ball, location: 2F
1-1: Foul Ball, location: 3FF
1-2: Ball
2-2: Foul Ball, location: 9LDF
2-2: Foul Ball, location: 25F
2-2: Ball
3-2: Foul Ball, location: 25FF
3-2: Fly out, F8 (Flyball, 89M, EV 91.3 MPH)
Batting: LHB Tony Tavarez 0-0: Ball
1-0: Ground out 4-3 (Groundball, 4, EV 104.4 MPH)
Bottom of the 7th over - 0 runs, 0 hits, 0 errors, 0 left on base; Detroit 1 - Minnesota 0
TOP OF THE 8TH
Detroit Tigers batting - Pitching for Minnesota Twins : RHP Mike Vaughn
Batting: RHB Jorge Mendoza 0-0: Ball
1-0: Reached on error, E4 (Groundball, 4, EV 97.5 MPH)
Batting: RHB Willis Ricordi 0-0: SINGLE (Line Drive, 6MD, EV 68.8 MPH)
Jorge Mendoza to second
Runner from 2nd tries for 3rd, SAFE, throw by CF made to third
Batting: RHB Ed Arroyo 0-0: Called Strike
0-1: Ball
1-1: Called Strike
1-2: Ball
2-2: Strikes out swinging
Batting: SHB Jan Acker 0-0: Called Strike
Willis Ricordi steals 2nd base
0-1: Ball
1-1: Ball
2-1: Fly out, F6 (Popup, 6S, EV 83.8 MPH)
Batting: LHB Nate Dickhaut 0-0: Ground out 4-3 (Groundball, 34D, EV 76.3 MPH)
Top of the 8th over - 0 runs, 1 hit, 1 error, 2 left on base; Detroit 1 - Minnesota 0
BOTTOM OF THE 8TH
Minnesota Twins batting - Pitching for Detroit Tigers : RHP Curt Maddalena
Pitching: RHP Jon Kalman
Batting: RHB Sergio Perez 0-0: Ball
1-0: Called Strike
1-1: Called Strike
1-2: Ball
2-2: Fly out, F8 (Flyball, 8RM, EV 81.9 MPH)
Batting: RHB Dan Williams 0-0: Fly out, F8 (Flyball, 8LD, EV 110.0 MPH)
Batting: RHB Mario Aviles 0-0: Foul Ball, location: 2F
0-1: Called Strike
0-2: Ball
1-2: Ball
2-2: Foul Ball, location: 2F
2-2: Foul Ball, location: 2F
2-2: Foul Ball, location: 2F
2-2: SINGLE (Line Drive, 9LM, EV 95.6 MPH)
Batting: RHB Anthony Pitts 0-0: Ball
1-0: Ball
2-0: Ball
3-0: Base on Balls
Mario Aviles to second
Batting: LHB Vince Best 0-0: Ball
1-0: Foul Ball, location: 3F
1-1: Ball
2-1: Ball
3-1: Called Strike
3-2: Foul Ball, location: 25F
3-2: Strikes out swinging
Bottom of the 8th over - 0 runs, 1 hit, 0 errors, 2 left on base; Detroit 1 - Minnesota 0
TOP OF THE 9TH
Detroit Tigers batting - Pitching for Minnesota Twins : RHP Mike Vaughn
Batting: RHB Hector Velazquez 0-0: Swinging Strike
0-1: Ball
1-1: Ball
2-1: DOUBLE (Line Drive, 78D, EV 104.4 MPH)
Batting: LHB Ruben Caceres 0-0: Ball
1-0: Ball
2-0: Reached on error, E6 (Groundball, 6MS, EV 91.9 MPH)
Hector Velazquez to third
Batting: LHB Jose Simon Frye 0-0: Ball
1-0: Ball
2-0: Ball
3-0: Base on Balls
Ruben Caceres to second
Batting: LHB Josh Stubbs 0-0: Called Strike
0-1: Foul Ball, location: 2F
0-2: Strikes out swinging
Batting: RHB Jorge Mendoza 0-0: Grounds into fielders choice 6-2 (Groundball, 6, EV 105.0 MPH)
Ruben Caceres to third
Jose Simon Frye to second
Batting: RHB Willis Ricordi 0-0: DOUBLE (Flyball, 89D, EV 108.8 MPH)
Ruben Caceres scores
Jose Simon Frye scores
Jorge Mendoza to third
Batting: RHB Ed Arroyo 0-0: Intentional Walk
Pinch Hitting: RHB Sean Wheelock 0-0: Ball
1-0: Called Strike
1-1: Called Strike
1-2: Foul Ball, location: 5FF
1-2: Ball
2-2: Foul Ball, location: 2F
2-2: Ball
3-2: SINGLE (Groundball, 4D, EV 95.0 MPH)
Jorge Mendoza scores
Willis Ricordi to third
Ed Arroyo to second
Willis Ricordi scores
Ed Arroyo to third
Pitching: RHP David Thompson
Batting: LHB Nate Dickhaut 0-0: SINGLE (Groundball, 4, EV 94.4 MPH) (infield hit)
Ed Arroyo scores
Sean Wheelock to second
Batting: RHB Hector Velazquez 0-0: Foul Ball, location: 2F
0-1: Swinging Strike
0-2: Strikes out swinging
Top of the 9th over - 5 runs, 4 hits, 1 error, 2 left on base; Detroit 6 - Minnesota 0
BOTTOM OF THE 9TH
Minnesota Twins batting - Pitching for Detroit Tigers : RHP Jon Kalman
Pitching: RHP Kevin Leonard
Now at C: Mike Crago
Batting: RHB Jeff Bean 0-0: Ball
1-0: Foul Ball, location: 23F
1-1: Fly out, F3 (Popup, 3SF, EV 85.6 MPH)
Batting: RHB Steve Masters 0-0: Ball
1-0: Ball
2-0: Ball
3-0: Fly out, F9 (Line Drive, 89D, EV 92.5 MPH)
Batting: RHB Ruben Tristo 0-0: Called Strike
0-1: Foul Ball, location: 23F
0-2: Ball
1-2: Fly out, F8 (Flyball, 8RM, EV 92.5 MPH)
Bottom of the 9th over - 0 runs, 0 hits, 0 errors, 0 left on base; Detroit 6 - Minnesota 0
Sunday, May 26th , 2024 - OOTP Baseball 24.10 Build 82